 Dungeon Crawl Stone Soup version 0.30-a0-824-g6c64550be9 (webtiles) character file.

Game seed: 2923893661725819142

493 qeuew the Trooper (level 6, -4/65 HPs)
             Began as a Troll Fighter on Feb 27, 2023.
             Was a Believer of Trog.
             Killed from afar by an orc wizard (12 damage)
             ... with a magic dart
             ... on level 5 of the Dungeon.
             The game lasted 00:04:00 (3045 turns).

qeuew the Trooper (Troll Fighter)                   Turns: 3045, Time: 00:04:01

Health: -4/65      AC:  8    Str: 27    XL:     6   Next: 92%
Magic:  5/5        EV: 10    Int:  4    God:    Trog [**....]
Gold:   302        SH:  0    Dex:  9    Spells: 5/5 levels left

rFire   . . .      SeeInvis .      - Unarmed
rCold   . . .      Faith    +    (no shield)
rNeg    . . .      Spirit   .    a - +1 robe
rPois   .          Reflect  .    (helmet restricted)
rElec   .          Harm     .    f - +2 cloak
rCorr   .          Rampage  .    (gloves unavailable)
Will    .....                    (boots unavailable)
Stlth   +                        p - amulet of faith
HPRegen 1.10/turn                (no ring)
MPRegen 0.09/turn                (no ring)

@: no status effects
A: large, unfitting armour, claws 3, regeneration 1, shaggy fur 1, tough skin 1,
mutation resistance 1
a: Renounce Religion, Berserk, Trog's Hand


You were on level 5 of the Dungeon.
You worshipped Trog.
Trog was pleased with you.
You visited 1 branch of the dungeon, and saw 5 of its levels.

You collected 302 gold pieces.

Inventory:

Armour
 a - a +1 robe (worn)
 f - a +2 cloak (worn)
Jewellery
 p - an amulet of faith (around neck)
Scrolls
 d - a scroll of fog
 e - a scroll of enchant armour
Potions
 b - 2 potions of haste
 c - a potion of might
 g - a potion of invisibility
 i - 5 potions of curing
 m - a potion of magic


   Skills:
 * Level 4.9 Fighting
 + Level 3.8 Dodging
 - Level 2.6 Shields
 + Level 4.1 Unarmed Combat


You had 5 spell levels left.
You didn't know any spells.
Your spell library was empty.

Dungeon Overview and Level Annotations

Branches:
Dungeon (5/15)
 Temple: D:4-7

Altars:
Ashenzari
Cheibriados
Trog

Shops:
D:2 [   D:4 :

Annotations:
D:4 3 runed translucent doors, oldplebian's ghost, amateur HOCA


Innate Abilities, Weirdness & Mutations

You are too large for most types of armour.
You have claws for hands.
Your natural rate of healing is unusually fast.
You are covered in fur. (AC +1)
You have tough skin. (AC +1)
You are somewhat resistant to further mutation.


Message History

The orc hits you but does no damage. The orc closely misses you.
Something hits you.
You claw the orc!
You kill the orc!
Trog accepts your kill. The gnoll hits you with a +0 whip.
* * * LOW HITPOINT WARNING * * *
The gnoll misses you.
You scratch the gnoll. You claw the gnoll!
The gnoll is almost dead.
Something hits you.
* * * LOW HITPOINT WARNING * * *
The orc hits you but does no damage. The gnoll hits you but does no damage.
You claw the gnoll!
You kill the gnoll!
Trog accepts your kill. Something hits you.
* * * LOW HITPOINT WARNING * * *
The orc hits you but does no damage. The gnoll hits you with a +0 whip.
* * * LOW HITPOINT WARNING * * *
You claw the gnoll!
The gnoll is heavily wounded.
The gnoll is no longer moving quickly.
Something hits you but does no damage.
The orc hits you from afar with a +0 trident.
* * * LOW HITPOINT WARNING * * *
The gnoll hits you but does no damage.
You scratch the gnoll but do no damage.
The gnoll is heavily wounded.
Something hits you.
* * * LOW HITPOINT WARNING * * *
The orc hits you from afar with a +0 trident.
* * * LOW HITPOINT WARNING * * *
The gnoll closely misses you.
You closely miss the gnoll. You claw the gnoll.
You kill the gnoll!
Trog accepts your kill.
You hear some strange, mumbled words.
A magic dart appears from out of thin air!
The magic dart hits you!
You die...

.###..## ##...#
#..#...### #...## [
#..###...####....# ..
#..# ###.........# ...
..## ##........### ....
..# #..######...#.....
..## ##.## ##........
...####.## ##........
##..#..## #@).......
##...## #...{))..>....
##..# #.....o..$.....
#...# #...............
#...... ................
#..###.........<.........
..# #..................
## #................ ...


You could see an orc.

Vanquished Creatures
  An orc warrior (D:5)
  An ice beast (D:5)
  An orc priest (D:3)
  A gnoll bouda (D:5)
  2 iguanas (D:4)
  2 orc wizards (D:3)
  3 adders
  3 gnolls (D:5)
  An ufetubus (D:4)
  5 worms
  A dart slug (D:1)
  6 orcs
  11 ball pythons
  9 endoplasms
  3 giant cockroaches
  8 goblins
  3 hobgoblins
  10 kobolds
  3 quokkas
  3 bats (D:1)
  A frilled lizard (D:2)
  4 rats
82 creatures vanquished.

Notes
Turn   | Place    | Note
-------+----------+-------------------------------------------
     0 | D:1      | qeuew the Troll Fighter began the quest for the Orb.
     0 | D:1      | Reached XP level 1. HP: 22/22 MP: 0/0
   160 | D:1      | Reached XP level 2. HP: 29/29 MP: 1/1
   847 | D:1      | Gained mutation: You are somewhat resistant to further
                  | mutation. [potion of mutation]
   904 | D:2      | Found a bloodstained altar of Trog.
   911 | D:2      | Became a worshipper of Trog the Wrathful
   919 | D:2      | Reached XP level 3. HP: 37/37 MP: 2/2
   995 | D:2      | Found Rasuofall's Armour Shop.
  1447 | D:3      | Reached * piety under Trog
  1488 | D:3      | Reached XP level 4. HP: 32/45 MP: 3/3
  1573 | D:3      | Found a bloodstained altar of Trog.
  1739 | D:3      | Found a snail-covered altar of Cheibriados.
  1833 | D:3      | Reached XP level 5. HP: 7/54 MP: 4/4
  2058 | D:3      | Found a broken altar of Ashenzari.
  2232 | D:4      | Found a runed translucent gate.
  2233 | D:4      | Found a runed translucent gate.
  2233 | D:4      | Noticed an orc warrior
  2233 | D:4      | Identified the +6 mace "Kaufic" {protect, Dex+3}
  2233 | D:4      | Noticed oldplebian's ghost (amateur HOCA)
  2234 | D:4      | Found a runed translucent gate.
  2255 | D:4      | Reached ** piety under Trog
  2576 | D:4      | Found Toqiagh's Book Shoppe.
  2858 | D:5      | Entered Level 5 of the Dungeon
  2869 | D:5      | Noticed an ice beast
  2879 | D:5      | Killed an ice beast
  2880 | D:5      | Reached XP level 6. HP: 27/63 MP: 5/5
  3019 | D:5      | Noticed an orc warrior
  3030 | D:5      | Killed an orc warrior
  3045 | D:5      | Killed from afar by an orc wizard

Illustrated notes

Levels and vault maps discovered:
D:1:      minmay_arrival_pointy, layout_basic, serial_park_tiny_pond
D:2:      layout_basic, serial_shops, shop_coins, basic_altar,
          corexii_corridor_pit, minivault_19, nicolae_wormholes
D:3:      layout_rooms, cheibrodos_worm_habitat, cheibrodos_ashenzari_chains,
          lemuel_doored_altar, grunt_ministairs_14, minmay_fountain_box,
          minmay_vboxes, uniq_crazy_yiuf_cottage
D:4:      layout_loops_ring, serial_shops,
          nicolae_shop_temple_entry_statues_fountains,
          biasface_ghost_orc_armoury, nicolae_underground_beach
D:5:      layout_layer_cave, uniq_sigmund

Skill      XL: |  1  2  3  4  5  6 |
---------------+-------------------+-----
Fighting       | 3 4 |  4.9
Dodging        | 3 |  3.8
Unarmed Combat | 3 4 |  4.1
Shields        | |  2.6

Action                     |  1- 3 |  4- 6 || total
---------------------------+-------+-------++-------
  Melee: Unarmed           |   106 |   124 ||   230
         Punch             |     1 |     3 ||     4
    Use: Potion            |     8 |     1 ||     9
         Scroll            |    10 |     1 ||    11
   Stab: Sleeping          |     1 |       ||     1
 Armour: Robe              |    40 |    83 ||   123
  Dodge: Dodged            |    42 |    75 ||   117
  Block: Kite shield       |     3 |       ||     3

Table legend: (Time is in decaauts)
 A = Elapsed time spent in this place.
 B = Non-inter-level travel time spent in this place.
 C = Inter-level travel time spent in this place.
 D = Time resting spent in this place.
 E = Time spent auto-exploring this place.
 F = Levels seen in this place.
 G = Mean time per level.
                   A        B        C        D        E       F      G
               +--------+--------+--------+--------+--------+-----+--------+
         Total |   3030 |   2901 |    129 |     13 |   2354 |   5 |  606.0 |
       Dungeon |   3030 |   2901 |    129 |     13 |   2354 |   5 |  606.0 |
               +--------+--------+--------+--------+--------+-----+--------+

Top non-repeatable levels by time:
     D:1: 901 daAuts
     D:3: 780 daAuts
     D:4: 699 daAuts
     D:2: 465 daAuts
     D:5: 184 daAuts
